AoeStats
← epic shit

African Clearing

510390048Analyzed
3v3 RM · 1d ago on Sep 30, 2026· 55m 3s· 6 players
Game mode
Random Map
Map size
Normal (6 player)
Population
200
Speed
Normal
Resources
Standard
Victory
Conquest
Starting age
Dark Age
Ending age
Imperial Age
RankedLock teamsTeams togetherTeam positionsShared explorationLock speedFull tech treeHidden civsTurbo modeCheats
Victory
Defeat
🇭🇺 Bulgarians · Hungary
1036
+17
🇵🇱 Inca · Poland
1020
+17
🇩🇪 Spanish · Germany
986
+19
🇲🇽 Jurchens · Mexico
1161
-22
🇨🇱 Armenians · Chile
1051
-18
🇦🇷 Cumans · Argentina
933
-13
Mitochondrium
5:05 Loom
15:55 Feudal Age
16:16 Champi Runner
19:33 Forging
24:06 Scale Mail Armor
28:29 Horse Collar
33:08 Fletching
33:54 Double-Bit Axe
34:50 Wheelbarrow
36:20 Gold Mining
40:35 Castle Age
38:40 Town Watch
42:14 Hand Cart
43:05 Arson
43:38 Champi Warrior
45:17 Squires
46:31 Chain Mail Armor
47:34 Iron Casting
46:54 Bodkin Arrow
52:11 Bodkin Arrow
52:25 Heavy Plow
52:36 Bow Saw
54:59 Imperial Age
52:31 Murder Holes
56:12 Crop Rotation
túrósfaszú
4:44 Loom
14:48 Feudal Age
15:17 Arson
17:07 Double-Bit Axe
18:08 Scale Mail Armor
18:46 Forging
27:25 Gold Mining
27:26 Stone Mining
30:45 Castle Age
29:21 Wheelbarrow
29:04 Bloodlines
31:55 Bow Saw
31:38 Pikeman
39:01 Chain Mail Armor
51:31 Imperial Age
52:12 Hand Cart
53:30 Town Watch
54:11 Conscription
Carbonara Knight
5:43 Loom
13:11 Feudal Age
17:14 Bloodlines
24:39 Castle Age
26:06 Forging
33:23 Horse Collar
35:35 Wheelbarrow
38:32 Padded Archer Armor
38:39 Scale Barding Armor
38:32 Double-Bit Axe
44:11 Imperial Age
44:48 Chain Barding Armor
45:04 Iron Casting
44:48 Cavalier
48:39 Chemistry
48:04 Conscription
47:39 Gold Mining
47:39 Stone Mining
48:55 Blast Furnace
48:12 Leather Archer Armor
49:18 Heavy Plow
49:44 Elite Conquistador
51:51 Hand Cart
51:24 Town Watch
53:41 Stone Shaft Mining
53:35 Husbandry
NightPlane492
10:14 Loom
13:12 Feudal Age
14:02 Double-Bit Axe
26:36 Forging
29:10 Castle Age
27:31 Forging
28:01 Gold Mining
29:13 Bloodlines
30:26 Wheelbarrow
29:54 Husbandry
31:48 Iron Casting
32:01 Scale Barding Armor
epic shit
4:56 Loom
18:38 Feudal Age
19:10 Man-at-Arms
19:43 Town Watch
20:17 Long Swordsman
25:14 Scale Mail Armor
25:25 Forging
27:44 Wheelbarrow
26:36 Pikeman
35:02 Castle Age
GDN_dgascogne
13:11 Feudal Age
12:32 Loom
14:08 Double-Bit Axe
18:34 Man-at-Arms
19:44 Scale Mail Armor
28:08 Horse Collar
30:52 Castle Age
30:30 Arson
31:32 Wheelbarrow
31:43 Fishing Lines
31:35 Crossbowman
34:09 Fletching
34:22 Padded Archer Armor
37:25 Bow Saw
38:27 Steppe Husbandry
38:56 Bodkin Arrow
41:04 Thumb Ring
42:40 Hand Cart
42:25 Gold Mining
43:53 Gold Shaft Mining
44:06 Heavy Plow
47:42 Imperial Age
46:49 Ballistics
48:22 Capped Ram
50:40 Chemistry
50:29 Conscription
51:16 Parthian Tactics
52:22 Pikeman
53:02 Squires
53:16 Siege Ram
Connection lost

Rejoining the realm…

Still unreachable

The connection could not be restored.

Session expired

The server has moved on; the page needs a fresh start.